 Dungeon Crawl Stone Soup version 0.32-a0-779-g362cfcae2a (webtiles) character file.

Game seed: 1509756446727338661

144 GloriousHammer the Purveyor of Pain (level 5, 0/35 HPs)
             Began as a Human Necromancer on Mar 17, 2024.
             Was an Initiate of Kikubaaqudgha.
             Shot with an arrow by a centaur (10 damage)
             ... on level 4 of the Dungeon on Mar 19, 2024.
             The game lasted 00:09:09 (2992 turns).

GloriousHammer the Purveyor of Pain (HuNe)          Turns: 2992, Time: 00:09:09

Health: 0/35       AC:  6    Str:  9    XL:     5   Next: 27%
Magic:  8/10       EV:  9    Int: 15    God:    Kikubaaqudgha [......]
Gold:   171        SH:  0    Dex: 15    Spells: 6/10 levels left

rFire   . . .        o - +2 dagger (elec)
rCold   . . .        p - orb {*Rage}
rNeg    . . .        k - +0 ring mail
rPois   .            (no helmet)
rElec   .            q - +0 cloak
rCorr   .            (no gloves)
SInv    .            (no boots)
Will    .....        (no amulet)
Stlth   +            (no ring)
HPRegen 0.25/turn    (no ring)
MPRegen 0.12/turn

%: random rage (20%)
@: no status effects
A: explore regen
a: Renounce Religion


You were on level 4 of the Dungeon.
You worshipped Kikubaaqudgha.
Kikubaaqudgha was noncommittal.
You visited 2 branches of the dungeon, and saw 5 of its levels.

You collected 171 gold pieces.

Inventory:

Hand Weapons
 h - a +0 whip
 o - a +2 dagger of electrocution (weapon)
Missiles
 d - 4 poisoned darts
 r - 5 javelins
Armour
 a - a +0 robe
 k - a +0 ring mail (worn)
 m - a +0 leather armour
 p - an orb of wrath (worn)
 q - a +0 cloak (worn)
Jewellery
 R - a ring of resist corrosion
Scrolls
 c - 3 scrolls of identify {unknown}
 e - a scroll of noise {unknown}
 g - 2 scrolls of immolation {unknown}
 n - a scroll of enchant weapon {unknown}
 u - 3 scrolls of enchant armour {unknown}
 v - a scroll of torment {unknown}
Potions
 b - 2 potions of magic
 f - a potion of mutation {unknown}
 i - a potion of lignification {unknown}
 j - 3 potions of degeneration {unknown}
 l - a potion of enlightenment {unknown}
 s - a potion of heal wounds {unknown}
 t - 2 potions of curing {unknown}
 w - a potion of might {unknown}


   Skills:
 + Level 1.0 Long Blades
 + Level 0.9 Armour
 + Level 2.3 Dodging
 - Level 2.0 Stealth
 + Level 3.4 Spellcasting
 + Level 5.0 Necromancy


You had 6 spell levels left.
You knew the following spells:

 Your Spells              Type           Power      Damage    Failure   Level
a - Necrotise             Necr           68%        1d7       7%          1
b - Vampiric Draining     Necr           17%        2d7       21%         3

Your spell library contained the following spells:

 Spells                   Type           Power      Damage    Failure   Level
 Sublimation of Blood     Necr           17%        N/A       10%         2
 Apportation              Tloc           4%         N/A       47%         1
 Sting                    Conj/Alch      8%         1d3       47%         1
 Summon Small Mammal      Summ           8%         N/A       47%         1
 Animate Dead             Necr           17%        N/A       54%         4
 Call Imp                 Summ           4%         N/A       63%         2
 Curse of Agony           Necr           17%        N/A       88%         5
 Summon Hydra             Summ           1%         N/A       100%        7


Dungeon Overview and Level Annotations

Branches:
Dungeon (4/15)             Temple (1/1) D:4

Altars:
Ashenzari
Dithmenos
Elyvilon
Fedhas
Gozag
Kikubaaqudgha
Makhleb
Okawaru
Qazlal
Sif Muna
Uskayaw
Vehumet
Wu Jian
Yredelemnul
The Shining One

Annotations:
D:3 1 runed translucent door, Crazy Yiuf


Innate Abilities, Weirdness & Mutations

You regain HP and MP as you explore.


Message History

The goblin shouts!
A goblin is nearby!
A goblin is nearby!
A goblin is nearby!
Casting: Necrotise (safe; 7% risk of failure)
Confirm with . or Enter, or press ? or * to list all spells.
You can't see any susceptible monsters within range! (Use Z to cast anyway.) Unknown command.
Casting: Necrotise (safe; 7% risk of failure)
Confirm with . or Enter, or press ? or * to list all spells.
Aiming: Necrotise (safe; 7% risk of failure)
Press: ? - help, Shift-Dir - straight line, f - goblin
Aim: a goblin, wielding a +0 club (chance to affect: 87%)
The goblin writhes in agony!
You kill the goblin!
The dead are walking!
Casting: Necrotise (safe; 7% risk of failure)
Confirm with . or Enter, or press ? or * to list all spells.
You can't see any susceptible monsters within range! (Use Z to cast anyway.) Unknown command.
Found a hand axe and a silvery potion.
v - a scroll labelled WAPEPE HOEF You swap places.
Found a staircase to the Ecumenical Temple.
You see here a +0 hand axe.
Found a scroll labelled CUPLIKO VOUCW.
w - a silvery potion
There is a staircase to the Ecumenical Temple here.
You climb downwards.
Welcome to the Ecumenical Temple!
Your mindless puppet stays behind to rot.
Found four altars.
Found a staircase back to the Dungeon.
There is a staircase back to the Dungeon here.
Found a basalt altar of Yredelemnul.
Found a burning altar of Makhleb.
Found a radiant altar of Vehumet.
Found a blossoming altar of Fedhas.
Found a stormy altar of Qazlal.
Found an iron altar of Okawaru.
Found a white marble altar of Elyvilon.
Found an opulent altar of Gozag.
Found a shimmering blue altar of Sif Muna.
Found a hide-covered altar of Uskayaw.
Found an ancient bone altar of Kikubaaqudgha.
There is an ancient bone altar of Kikubaaqudgha here.
You kneel at the altar of Kikubaaqudgha.
Kikubaaqudgha welcomes you!
There is a staircase back to the Dungeon here.
You can't go down here!
You climb upwards.
Welcome back to the Dungeon!
There is a staircase to the Ecumenical Temple here.
u - 3 scrolls labelled CUPLIKO VOUCW (gained 1)
Found a stone staircase leading up.
Found a stone staircase leading up.
A quokka comes into view.
Casting: Necrotise (safe; 7% risk of failure)
Confirm with . or Enter, or press ? or * to list all spells.
Aiming: Necrotise (safe; 7% risk of failure)
Press: ? - help, Shift-Dir - straight line, f - quokka
Aim: a quokka (asleep, chance to affect: 87%)
The quokka writhes in agony.
You kill the quokka!
Kikubaaqudgha accepts your kill.
The dead are hopping!
You swap places.
A centaur comes into view.
The centaur shouts!
The centaur wields a +0 shortbow.
The centaur shoots an arrow.
The arrow hits you.
Casting: Necrotise (safe; 7% risk of failure)
Confirm with . or Enter, or press ? or * to list all spells.
You can't see any susceptible monsters within range! (Use Z to cast anyway.) Unknown command.
The centaur shoots an arrow.
The arrow hits you!
Casting: Necrotise (safe; 7% risk of failure)
Confirm with . or Enter, or press ? or * to list all spells.
Aiming: Necrotise (safe; 7% risk of failure)
Press: ? - help, Shift-Dir - straight line, f - centaur
Aim: a centaur, wielding a +0 shortbow (ally target, chance to affect: 75%)
The centaur writhes in agony.
The centaur shoots an arrow.
The arrow hits you!
Casting: Necrotise (safe; 7% risk of failure)
Confirm with . or Enter, or press ? or * to list all spells.
Aiming: Necrotise (safe; 7% risk of failure)
Press: ? - help, Shift-Dir - straight line, f/p - centaur
Aim: a centaur, wielding a +0 shortbow (lightly wounded, ally target, chance to affect: 75%)
The centaur struggles to resist.
The centaur shoots an arrow.
The arrow hits you.
The centaur shoots an arrow.
The arrow hits your quokka skeleton!
Your quokka skeleton is destroyed!
The centaur shoots an arrow.
The arrow hits you!
The centaur shoots an arrow.
The arrow barely misses you.
The centaur shoots an arrow.
The arrow hits you.
* * * LOW HITPOINT WARNING * * *
Casting: Necrotise (safe; 7% risk of failure)
Confirm with . or Enter, or press ? or * to list all spells.
Aiming: Necrotise (safe; 7% risk of failure)
Press: ? - help, Shift-Dir - straight line, f/p - centaur
Aim: a centaur, wielding a +0 shortbow (lightly wounded, chance to affect: 75%)
The centaur writhes in agony.
The centaur shoots an arrow.
The arrow hits you!
You die...
Kikubaaqudgha rasps: You have failed me!
Welcome... death!

#. #.... #.# #.###.##.
#.# #......#. #.#
#......#. #.# #........
#.# ##.....## #c# #.....#
####.##### ###.###
#...@....# #.# #.##.###.#
#.# #.#...##.# ##.#
##.#.#.##.# ##..# #
####......##.#####..<####
+.......................+
####...##.########.<.####
##.###.# ##.## # ### #.#
#.#


You could see a centaur.

Vanquished Creatures
  Jessica (D:3)
  7 adders
  2 dart slugs
  5 ball pythons
  7 endoplasms
  3 goblins
  3 hobgoblins
  4 jackals (D:1)
  3 quokkas
  4 bats
  4 frilled lizards (D:1)
  5 kobolds
  2 rats
50 creatures vanquished.

Vanquished Creatures (collateral kills)
  A jackal (D:1)
  A frilled lizard (D:1)
2 creatures vanquished.

Grand Total: 52 creatures vanquished

Notes
Turn   | Place    | Note
-------+----------+-------------------------------------------
     0 | D:1      | GloriousHammer the Human Necromancer began the quest for
                  | the Orb.
     0 | D:1      | Reached XP level 1. HP: 13/13 MP: 3/3
     3 | D:1      | Noticed a spriggan
     3 | D:1      | Noticed a draconian
     5 | D:1      | Noticed a merfolk
     7 | D:1      | Noticed a djinni
     7 | D:1      | Noticed a ghoul
     9 | D:1      | Noticed an oni
     9 | D:1      | Noticed a tengu
    11 | D:1      | Noticed a demigod
    11 | D:1      | Noticed a troll
    13 | D:1      | Noticed a minotaur
    13 | D:1      | Noticed a demonspawn
    15 | D:1      | Noticed a dwarf
    17 | D:1      | Noticed a vampire
    17 | D:1      | Noticed a naga
    19 | D:1      | Noticed a gargoyle
    19 | D:1      | Noticed an armataur
    21 | D:1      | Noticed a vine stalker
    21 | D:1      | Noticed an octopode
    23 | D:1      | Noticed a formicid
    23 | D:1      | Noticed an elf
    25 | D:1      | Noticed a human
    27 | D:1      | Noticed a barachi
    29 | D:1      | Noticed a felid
   360 | D:1      | Reached XP level 2. HP: 17/19 MP: 1/5
  1029 | D:2      | Reached XP level 3. HP: 16/24 MP: 1/7
  1369 | D:2      | Reached XP level 4. HP: 28/30 MP: 1/8
  1744 | D:2      | Learned a level 3 spell: Vampiric Draining
  1859 | D:3      | Noticed Jessica
  1868 | D:3      | Killed Jessica
  2094 | D:3      | Reached skill level 5 in Necromancy
  2094 | D:3      | Reached XP level 5. HP: 32/35 MP: 3/9
  2440 | D:3      | Found a runed translucent door.
  2441 | D:3      | Noticed Crazy Yiuf
  2541 | D:3      | Found a faded altar of an unknown god.
  2692 | D:3      | Upgraded the game from 0.32-a0-747-gc8563f6773 to
                  | 0.32-a0-779-g362cfcae2a
  2773 | D:4      | Reached skill level 1 in Long Blades
  2888 | D:4      | Found a staircase to the Ecumenical Temple.
  2897 | Temple   | Entered the Ecumenical Temple
  2931 | Temple   | Became a worshipper of Kikubaaqudgha
  2985 | D:4      | Noticed a centaur
  2992 | D:4      | Shot with an arrow by a centaur

Illustrated notes

Levels and vault maps discovered:
D:1:      kb_arrival_jail, layout_loops_ring
D:2:      layout_loops_ring
D:3:      layout_loops_ring, shapermc_ecumenical_altar_petra, uniq_jessica,
          uniq_crazy_yiuf_cottage
D:4:      layout_loops_corners, zin_statuary, minmay_temple_entry_grid,
          kennysheep_donut, minmay_misc_feat_tower, nicolae_shop_vocational
Temple:   hellmonk_temple_of_storms

Skill      XL: |  1  2  3  4  5 |
---------------+----------------+-----
Spellcasting   | 3 |  3.4
Necromancy     | 5 |  5.0
Long Blades    | 1 |  1.0
Armour         | |  0.9
Dodging        | |  2.3
Stealth        | |  2.0

Action                     |  1- 3 |  4- 6 || total
---------------------------+-------+-------++-------
  Melee: Unarmed           |    20 |       ||    20
         Punch             |     1 |       ||     1
         Whip              |    14 |       ||    14
         Dagger            |       |    26 ||    26
   Cast: Necrotise         |    52 |    43 ||    95
 Armour: Robe              |    38 |     2 ||    40
         Ring mail         |       |    29 ||    29
  Dodge: Dodged            |    34 |    16 ||    50

Table legend: (Time is in decaauts)
 A = Elapsed time spent in this place.
 B = Non-inter-level travel time spent in this place.
 C = Inter-level travel time spent in this place.
 D = Time resting spent in this place.
 E = Time spent auto-exploring this place.
 F = Levels seen in this place.
 G = Mean time per level.
                   A        B        C        D        E       F      G
               +--------+--------+--------+--------+--------+-----+--------+
         Total |   3009 |   2836 |    173 |    242 |   1936 |   5 |  601.8 |
       Dungeon |   2963 |   2790 |    173 |    242 |   1936 |   4 |  740.8 |
        Temple |     45 |     45 |      0 |      0 |      0 |   1 |   45.0 |
               +--------+--------+--------+--------+--------+-----+--------+

Top non-repeatable levels by time:
     D:1: 1010 daAuts
     D:3: 899 daAuts
     D:2: 848 daAuts
     D:4: 206 daAuts
  Temple: 45 daAuts
